Map: Yeonsu LE

Players

paradoxn

  • Race: Protoss Protoss
  • Spawn Location: 7:00

TrueFenix - Winner!

  • Race: Protoss Protoss
  • Spawn Location: 1:00

VOD

Have the link to the VOD?

Description

Time

  • Played on: Nov. 6, 2020, 2:06 p.m.
  • Length: 15:27
Show
View Real Time Build Order
Export as new Build Order

paradoxn Protoss 

Build Orders: 1 Gate Expand 

Get SALT Encoding   

  12  0:00  Probe  
  13  0:12  Probe  
  14  0:19  Pylon  
  14  0:24  Probe  
  15  0:30  Assimilator  
  15  0:37  Probe  
  16  0:45  Gateway  
  16  0:54  Probe (Chrono Boost)  
  17  0:59  Assimilator  
  18  1:05  Probe (Chrono Boost)  
  18  1:13  Probe (Chrono Boost)  
  19  1:19  Probe (Chrono Boost)  
  20  1:28  Probe  
  21  1:42  Nexus  
  21  1:43  Probe  
  22  1:47  Pylon  
  22  1:56  Cybernetics Core  
  22  2:04  Probe  
  23  2:18  Forge  
  23  2:20  Zealot  
  25  2:27  Warp Gate (Chrono Boost)  
  25  2:45  Gateway  
  25  2:53  Robotics Facility  
  25  2:55  Probe  
  25  2:56  Probe  
  27  3:06  Stalker  
  27  3:07  Probe  
  27  3:09  Probe (Chrono Boost)  
  31  3:15  Protoss Ground Weapons Level 1  
  31  3:19  Probe (Chrono Boost)  
  32  3:28  Probe (Chrono Boost)  
  32  3:30  Shield Battery  
  33  3:35  Photon Cannon  
  33  3:39  Photon Cannon  
  33  3:43  Probe  
  33  3:46  Probe  
  35  3:55  Probe (Chrono Boost)  
  35  3:56  Robotics Facility  
  35  4:00  Probe (Chrono Boost)  
  35  4:01  Twilight Council  
  37  4:06  Gateway  
  37  4:08  Probe (Chrono Boost)  
  38  4:12  Pylon  
  38  4:16  Assimilator  
  38  4:17  Probe (Chrono Boost)  
  38  4:21  Probe  
  40  4:25  Stalker  
  40  4:26  Probe  
  43  4:32  Stargate  
  43  4:35  Blink (Chrono Boost), Observer  
  44  4:46  Probe  
  44  4:49  Assimilator  
  45  4:53  Probe  
  45  4:58  Probe  
  45  4:59  Gateway  
  47  5:05  Probe  
  47  5:06  Robotics Bay  
  48  5:10  Void Ray  
  52  5:25  Probe  
  53  5:38  Probe  
  54  5:46  Pylon  
  54  5:48  Pylon  
  54  5:53  Protoss Ground Weapons Level 2  
  54  6:04  Probe  
  54  6:07  Stalker x2  
  54  6:08  Stalker x2  
  63  6:13  Disruptor  
  63  6:16  Probe (Chrono Boost)  
  67  6:22  Nexus  
  67  6:30  Pylon  
  67  6:33  Pylon  
  67  6:36  Photon Cannon  
  67  6:42  Pylon  
  67  6:54  Probe x2  
  67  6:59  Stalker  
  67  7:00  Stalker x2  
  75  7:02  Disruptor  
  75  7:03  Void Ray  
  75  7:06  Probe x2  
  80  7:13  Pylon  
  84  7:22  Pylon  
  84  7:26  Gateway  
  84  7:28  Stalker  
  84  7:29  Stalker  
  88  7:31  Stalker  
  90  7:38  Immortal  
  90  8:22  Nexus  
  90  8:25  Probe  
  90  8:26  Probe, Protoss Ground Armor Level 1  
  92  8:30  Pylon  
  92  8:31  Disruptor  
  95  8:36  Stalker  
  95  8:37  Stalker  
  99  9:02  Forge  
  99  9:07  Immortal  
  103  9:13  Stalker  
  103  9:14  Stalker x2  
  103  9:15  Stalker x2  
  84  9:46  Immortal  
  82  10:11  Stalker  
  82  10:12  Stalker x3  
  82  10:13  Stalker  
  88  10:15  Void Ray  
  88  10:25  Immortal  
  88  10:27  Probe (Chrono Boost)  
  97  10:35  Protoss Ground Weapons Level 3  
  97  10:38  Probe (Chrono Boost)  
  97  10:39  Extended Thermal Lance  
  98  10:43  Probe (Chrono Boost)  
  98  10:49  Gateway  
  99  10:50  Protoss Ground Armor Level 2  
  99  10:52  Void Ray  
  99  10:53  Probe  
  99  10:56  Stalker  
  102  11:00  Assimilator  
  102  11:02  Assimilator  
  106  11:05  Shield Battery, Immortal  
  106  11:08  Photon Cannon  
  110  11:12  Photon Cannon  
  110  11:16  Stalker  
  112  11:29  Void Ray  
  107  11:43  Disruptor  
  108  11:52  Stalker  
  108  11:53  Stalker  
  96  12:18  Stalker  
  96  12:19  Stalker  
  96  12:20  Gravitic Boosters  
  65  13:14  Probe (Chrono Boost)  
  66  13:21  Stalker x2  
  66  13:24  Probe (Chrono Boost)  
  66  13:25  Stalker x2  
  66  13:26  Stalker x2  
  79  13:29  Void Ray, Probe (Chrono Boost)  
  79  13:32  Disruptor  
  87  13:46  Probe  
  88  13:50  Probe  
  89  13:58  Probe  
  89  14:02  Probe  
  85  14:07  Void Ray  
  85  14:08  Immortal  
  89  14:10  Probe  
  89  14:14  Probe  
  70  14:47  Immortal, Probe x3  
  77  14:59  Probe x2  
  79  15:04  Stalker  
  79  15:05  Stalker  
  83  15:11  Probe x2  
Show
View Real Time Build Order
Export as new Build Order

TrueFenix Protoss - Winner!

Build Orders: 1 Gate Expand, Double Forge, Blink Stalkers, Chargelot Immortal 

Get SALT Encoding   

  12  0:00  Probe  
  13  0:12  Probe  
  14  0:19  Pylon  
  14  0:24  Probe  
  15  0:37  Probe (Chrono Boost)  
  16  0:46  Probe (Chrono Boost)  
  16  0:47  Assimilator  
  17  0:55  Gateway  
  17  1:00  Probe  
  17  1:03  Assimilator  
  18  1:12  Probe  
  19  1:35  Nexus  
  19  1:40  Probe  
  19  1:46  Gateway  
  20  2:04  Pylon  
  20  2:07  Cybernetics Core  
  20  2:11  Probe (Chrono Boost)  
  21  2:24  Probe (Chrono Boost)  
  22  2:39  Pylon, Probe  
  22  2:43  Warp Gate  
  23  2:44  Stalker  
  25  2:54  Twilight Council  
  25  2:57  Forge, Probe (Chrono Boost)  
  26  3:07  Probe (Chrono Boost)  
  26  3:12  Probe (Chrono Boost)  
  28  3:21  Stalker  
  28  3:24  Probe (Chrono Boost)  
  31  3:29  Robotics Facility  
  31  3:32  Pylon  
  31  3:36  Forge  
  31  3:40  Probe (Chrono Boost)  
  32  3:46  Blink  
  32  3:51  Probe (Chrono Boost)  
  32  3:52  Protoss Ground Weapons Level 1 (Chrono Boost)  
  33  3:58  Probe  
  34  4:11  Shield Battery  
  34  4:14  Photon Cannon  
  35  4:17  Observer (Chrono Boost)  
  35  4:31  Protoss Shields Level 1 (Chrono Boost)  
  35  4:37  Gateway x2  
  35  4:42  Stalker x2  
  39  4:47  Probe  
  39  4:51  Assimilator  
  40  4:59  Probe (Chrono Boost)  
  41  5:03  Immortal  
  45  5:11  Probe (Chrono Boost)  
  46  5:20  Probe (Chrono Boost)  
  47  5:24  Probe (Chrono Boost)  
  48  5:43  Observer  
  49  5:51  Probe  
  49  5:52  Charge  
  49  5:55  Assimilator  
  50  5:58  Protoss Ground Weapons Level 2 (Chrono Boost)  
  50  6:03  Probe  
  51  6:08  Stalker  
  51  6:09  Stalker, Zealot x2  
  59  6:48  Pylon  
  59  6:51  Pylon  
  59  6:56  Stalker  
  59  6:57  Pylon  
  61  7:06  Immortal (Chrono Boost)  
  65  7:12  Pylon  
  64  7:24  Nexus, Zealot  
  64  7:25  Stalker, Zealot  
  64  7:26  Stalker  
  72  7:36  Pylon  
  72  7:38  Pylon  
  72  7:39  Immortal (Chrono Boost)  
  76  7:54  Assimilator  
  76  7:56  Assimilator  
  72  8:02  Stalker x2, Zealot  
  72  8:03  Zealot  
  80  8:09  Gateway  
  80  8:11  Gateway  
  80  8:12  Gateway  
  80  8:13  Gateway  
  80  8:14  Immortal  
  84  8:37  Protoss Ground Weapons Level 3 (Chrono Boost), Stalker, Zealot  
  84  8:38  Protoss Shields Level 2 (Chrono Boost), Stalker x2  
  92  8:49  Probe (Chrono Boost)  
  93  8:59  Probe (Chrono Boost)  
  98  9:04  Probe (Chrono Boost)  
  98  9:06  Warp Prism  
  98  9:07  Stalker  
  65  9:41  Stalker  
  65  9:42  Stalker, Immortal, Zealot  
  65  9:43  Zealot  
  73  10:11  Stalker  
  73  10:12  Stalker, Zealot x2  
  81  10:18  Probe (Chrono Boost)  
  86  10:21  Immortal  
  86  10:28  Probe (Chrono Boost)  
  87  10:31  Observer  
  87  10:33  Probe (Chrono Boost)  
  87  10:34  Probe  
  89  10:39  Nexus  
  89  10:40  Pylon  
  89  10:42  Pylon  
  89  10:44  Probe  
  89  10:46  Probe  
  91  10:57  Probe  
  92  11:09  Adept x2  
  92  11:10  Adept x2  
  100  11:33  Adept x2  
  100  11:34  Adept x2  
  78  12:13  Immortal  
  78  12:14  Stalker x4  
  87  12:22  Stalker  
  89  12:23  Stalker, Zealot  
  89  12:24  Zealot  
  95  12:43  Stalker x4  
  103  12:52  Stargate, Immortal  
  103  12:54  Stargate  
  103  12:57  Stargate  
  101  12:59  Stargate  
  87  13:17  Probe  
  87  13:19  Probe  
  89  13:31  Probe (Chrono Boost)  
  89  13:32  Probe x2 (Chrono Boost)  
  89  13:33  Shield Battery  
  92  13:35  Photon Cannon  
  92  13:44  Probe x2 (Chrono Boost)  
  94  13:49  Probe x2 (Chrono Boost)  
  96  14:02  Stalker x4  
  90  14:03  Stalker x3  
  94  14:17  Probe  
  95  14:25  Stalker  
  95  14:29  Phoenix x2  
  95  14:30  Phoenix x2, Probe  
  98  14:42  Probe  
  98  14:45  Stalker x4  
  101  14:46  Stalker x3  
  101  14:48  Immortal  
  113  14:54  Phoenix  
  113  14:58  Phoenix x2  
  113  14:59  Phoenix  
Tags
 
Add a new tag
Caveats
  • Supply blocks, unpowered buildings, or Contaminate may cause inaccurate times.
  • Supply counts are checked every 10 seconds.